 Dungeon Crawl Stone Soup version 0.24.0-125-gc4c63601f3 (webtiles) character file.

Game seed: 120725105321468354, levelgen mode: deterministic

268 Curus the Spear-Bearer (level 6, 0/44 HPs)
             Began as a Merfolk Gladiator on Feb 22, 2020.
             Was an Initiate of Okawaru.
             Slain by an adder (2 damage)
             ... on level 4 of the Dungeon.
             The game lasted 00:11:45 (2415 turns).

Curus the Spear-Bearer (Merfolk Gladiator)          Turns: 2415, Time: 00:11:46

Health: 0/44       AC:  8    Str: 14    XL:     6   Next: 21%
Magic:  6/6        EV: 14    Int: 17    God:    Okawaru [......]
Gold:   189        SH:  0    Dex: 17    Spells: 5/5 levels left

rFire    . . .     SeeInvis .   a - +0 trident
rCold    . . .     Gourm    .   (no shield)
rNeg     . . .     Faith    .   h - +3 leather armour of the Undertaker {Int+9 Stlth-}
rPois    .         Spirit   .   c - +1 helmet
rElec    .         Reflect  .   (no cloak)
rCorr    .         Harm     .   (no gloves)
MR       .....                  (no boots)
Stlth    ..........             (no amulet)
HPRegen  0.14/turn              (no ring)
MPRegen  0.10/turn              (no ring)

@: lethally poisoned (0 -> -3)
A: change form in water, swift swim, stealthy swim
a: Renounce Religion


You were on level 4 of the Dungeon.
You worshipped Okawaru.
Okawaru was noncommittal.
You were not hungry.

You visited 1 branch of the dungeon, and saw 4 of its levels.

You collected 189 gold pieces.

Inventory:

Hand Weapons
 a - a +0 trident (weapon)
Missiles
 d - 2 throwing nets (quivered)
Armour
 b - a +0 leather armour
 c - a +1 helmet (worn)
 h - the +3 leather armour of the Undertaker (worn) {Int+9 Stlth-}
   (You found it on level 4 of the Dungeon)

   It affects your intelligence (+9).
   It makes you less stealthy.
Scrolls
 e - 3 scrolls of identify
 g - a scroll of remove curse
 j - 2 scrolls of fear
 k - a scroll of blinking
Comestibles
 f - 4 rations


   Skills:
 - Level 2.1 Fighting
 + Level 9.7 Polearms
 - Level 2.0 Throwing
 - Level 4.0 Dodging


You had 5 spell levels left.
You didn't know any spells.
Your spell library was empty.

Dungeon Overview and Level Annotations

Branches:
Dungeon (4/15)
 Temple: D:4-7

Altars:
Dithmenos
Okawaru
Trog
Vehumet
Zin

Annotations:
D:4 Dowan, Duvessa


Message History

The howler monkey hoots and howls with incredible vigour!
You hear an angry hiss.
You completely miss the adder. The adder barely misses you.
You hit the adder.
The adder is moderately wounded.
The adder closely misses you.
You barely miss the adder.
The adder is moderately wounded.
The adder bites you but does no damage.
You puncture the adder!
The adder is almost dead.
The adder bites you.
* * * LOW HITPOINT WARNING * * *
You are lethally poisoned!
The adder poisons you!
You miss the adder.
The adder is almost dead.
* * * LOW HITPOINT WARNING * * *
You feel sick. The adder misses you. The adder bites you.
You die...

... #. ...##.#
......####
........##
.....(...# ##
#.....# . ..
#.....#
...##.###†....###.#
#...hS@..###.....#
....#Z###.# #######
. #....(# #..#..#
.........#
####.#[..# .. ....#
## #..... ######.


You could see a howler monkey, an adder and a bullfrog skeleton.

Vanquished Creatures
  A crimson imp (D:4)
  2 hounds
  An iguana (D:4)
  A hound skeleton (D:4)
  3 adders
  2 oozes
  A worm (D:3)
  3 dart slugs
  4 leopard geckos
  3 orcs (D:4)
  A ball python (D:1)
  6 giant cockroaches
  9 goblins
  11 hobgoblins
  10 jackals
  A quokka (D:3)
  5 bats (D:1)
  5 frilled lizards
  5 kobolds
  6 rats
80 creatures vanquished.

Notes
Turn   | Place    | Note
-------+----------+-------------------------------------------
     0 | D:1      | Curus the Merfolk Gladiator began the quest for the Orb.
     0 | D:1      | Reached XP level 1. HP: 16/16 MP: 1/1
   101 | D:1      | Reached skill level 5 in Polearms
   101 | D:1      | Reached XP level 2. HP: 21/22 MP: 2/2
   276 | D:1      | Reached skill level 6 in Polearms
   276 | D:1      | Reached XP level 3. HP: 21/27 MP: 3/3
   758 | D:2      | Reached skill level 7 in Polearms
   758 | D:2      | Reached XP level 4. HP: 22/33 MP: 4/4
  1341 | D:3      | Reached skill level 8 in Polearms
  1469 | D:3      | Reached XP level 5. HP: 37/38 MP: 5/5
  1521 | D:3      | Found an iron altar of Okawaru.
  1529 | D:3      | Found a shadowy altar of Dithmenos.
  1535 | D:3      | Found a glowing silver altar of Zin.
  1547 | D:3      | Became a worshipper of Warmaster Okawaru
  1550 | D:3      | Found a bloodstained altar of Trog.
  1554 | D:3      | Found a radiant altar of Vehumet.
  2038 | D:4      | Noticed Duvessa
  2038 | D:4      | Noticed Dowan
  2300 | D:4      | Got an ichor-stained leather armour
  2312 | D:4      | Identified the +3 leather armour of the Undertaker {Int+9
                  | Stlth-} (You found it on level 4 of the Dungeon)
  2356 | D:4      | Reached skill level 9 in Polearms
  2378 | D:4      | Reached XP level 6. HP: 35/44 MP: 6/6
  2415 | D:4      | HP: 2/44 [poisoned by an adder]
  2415 | D:4      | Slain by an adder

Levels and vault maps discovered:
D:1:      ncdulo_lavacross, layout_loops_ring
D:2:      layout_basic
D:3:      layout_loops_ring, minmay_overflow_temple_star_hex
D:4:      minmay_evil_eye, layout_basic, first_ration,
          grunt_dithmenos_smoke_and_mirrors, uniq_duvessa,
          uniq_crazy_yiuf_cottage

Skill      XL: |  1  2  3  4  5 |
---------------+----------------+-----
Polearms       | 5 6 7 8 9 |  9.7
Fighting       | |  2.1
Throwing       | |  2.0
Dodging        | |  4.0

Action                   |  1- 3 |  4- 6 || total
-------------------------+-------+-------++-------
Melee: Trident           |   105 |   181 ||   286
Throw: Throwing net      |       |     1 ||     1
  Use: Scroll            |     4 |     6 ||    10
       Potion            |     2 |     4 ||     6
 Stab: Sleeping          |     7 |     2 ||     9
       Distracted        |       |     1 ||     1
  Eat: Chunk             |       |     5 ||     5
Armor: Leather armour    |    15 |    24 ||    39
Dodge: Dodged            |    52 |   120 ||   172
